 Dungeon Crawl Stone Soup version 0.29-a0-322-g68df515428 (webtiles) character file.

Game seed: 1618039532571088934

51 kae the Firebug (level 3, -6/20 HPs)
             Began as a Tengu Fire Elementalist on Apr 7, 2022.
             Mangled by Crazy Yiuf
             ... wielding a +4 quarterstaff of chaos
              (11 damage)
             ... on level 3 of the Dungeon.
             The game lasted 00:01:18 (2010 turns).

kae the Firebug (Tengu Fire Elementalist)           Turns: 2010, Time: 00:01:19

Health: -6/20      AC:  3    Str:  8    XL:     3   Next: 83%
Magic:  5/7        EV: 12    Int: 17    God:
Gold:   82         SH:  0    Dex: 14    Spells: 0/6 levels left

rFire   . . .      SeeInvis .   r - +2 mace (vorpal)
rCold   . . .      Faith    .   (no shield)
rNeg    . . .      Spirit   .   a - +1 robe
rPois   .          Reflect  .   (helmet restricted)
rElec   .          Harm     .   (no cloak)
rCorr   .          Rampage  .   (no gloves)
Will    .....                   (boots unavailable)
Stlth   ++........              (no amulet)
HPRegen 0.06/turn               (no ring)
MPRegen 0.10/turn               (no ring)

@: no status effects
A: beak, talons 3
a: no special abilities


You were on level 3 of the Dungeon.
You visited 1 branch of the dungeon, and saw 3 of its levels.

You collected 82 gold pieces.

Inventory:

Hand Weapons
 e - a +0 spear
 r - a +2 vorpal mace (weapon)
Armour
 a - a +1 robe (worn)
Wands
 k - a wand of acid (7)
Scrolls
 c - 2 scrolls of teleportation {unknown}
 i - a scroll of enchant weapon {unknown}
 l - a scroll of vulnerability {unknown}
 m - a scroll of identify {unknown}
 n - a scroll of fear {unknown}
Potions
 b - 2 potions of magic
 d - a potion of berserk rage {unknown}
 f - a potion of brilliance {unknown}
 g - 2 potions of might {unknown}
 h - a potion of resistance {unknown}
 j - a potion of attraction {unknown}
 o - a potion of lignification {unknown}
 p - a potion of cancellation {unknown}
 q - a potion of heal wounds {unknown}


   Skills:
 + Level 1.2 Fighting
 + Level 1.3 Armour
 + Level 2.5 Dodging
 - Level 2.0 Stealth
 + Level 2.3 Spellcasting
 + Level 2.3 Conjurations
 + Level 3.6 Fire Magic


You couldn't memorise any spells.
You knew the following spells:

 Your Spells              Type           Power      Damage    Failure   Level
a - Foxfire               Conj/Fire      48%        2x1d6     5%          1
b - Scorch                Fire           28%        2d6       6%          2
c - Conjure Flame         Conj/Fire      12%        6-21      17%         3

Your spell library contained the following spells:

 Spells                   Type           Power      Damage    Failure   Level
 Inner Flame              Hex/Fire       8%         N/A       26%         3
 Flame Wave               Conj/Fire      12%        2d6       50%         4


Dungeon Overview and Level Annotations

Branches:
Dungeon (3/15)

Altars:
Hepliaklqana

Shops:
D:1 [

Annotations:
D:3 Crazy Yiuf


Innate Abilities, Weirdness & Mutations

You have a beak for a mouth.
You have claws for feet.


Message History

You kill the rat!
No target in view!
No target in view!
No target in view!
HP restored.
A giant cockroach comes into view.
Found a stone staircase leading down.
A giant cockroach is nearby!
A giant cockroach is nearby!
A giant cockroach is nearby!
Casting: Conjure Flame (extremely dangerous; 17% risk of failure)
Confirm with . or Enter, or press ? or * to list all spells.
You conjure some foxfire!
The foxfire hits the giant cockroach.
The giant cockroach is severely wounded.
Casting: Foxfire (safe; 5% risk of failure)
Confirm with . or Enter, or press ? or * to list all spells.
You conjure some foxfire!
The foxfire hits the giant cockroach.
You kill the giant cockroach!
The foxfire hits Crazy Yiuf but does no damage. x2
Crazy Yiuf is nearby!
Casting: Foxfire (safe; 5% risk of failure)
Confirm with . or Enter, or press ? or * to list all spells.
You conjure some foxfire!
Crazy Yiuf barely misses you.
The foxfire hits Crazy Yiuf.
Crazy Yiuf is lightly wounded.
The foxfire hits Crazy Yiuf.
Crazy Yiuf is lightly wounded.
Crazy Yiuf barely misses you.
Crazy Yiuf is nearby!
Crazy Yiuf screams, "Buddy!"
Crazy Yiuf attacks as you move away!
Crazy Yiuf hits you with a +4 quarterstaff of chaos!
Ouch! That really hurt!
Crazy Yiuf burns you.
* * * LOW HITPOINT WARNING * * *
There is a stone staircase leading up here.
Crazy Yiuf hits you with a +4 quarterstaff of chaos!
Ouch! That really hurt!
You die...

# #.
#.########.#
........> .#
#.$..###.....
#............
#....###.....
###.g@.......
#...##.....
#.....# ...
#...#.# .
#..†#.#
#.........
#......#.#
#......#
#...#.##


You could see Crazy Yiuf.

Vanquished Creatures
  An adder (D:2)
  3 dart slugs (D:2)
  5 endoplasms
  2 giant cockroaches
  3 goblins
  3 hobgoblins
  A jackal (D:2)
  A quokka (D:1)
  2 ball pythons
  3 bats
  2 frilled lizards (D:2)
  4 kobolds
  6 rats
36 creatures vanquished.

Vanquished Creatures (collateral kills)
  2 foxfires (D:1)
2 creatures vanquished.

Vanquished Creatures (others)
  104 foxfires
  3 fungi (D:2)
107 creatures vanquished.

Grand Total: 145 creatures vanquished

Notes
Turn   | Place    | Note
-------+----------+-------------------------------------------
     0 | D:1      | kae the Tengu Fire Elementalist began the quest for the
                  | Orb.
     0 | D:1      | Reached XP level 1. HP: 10/10 MP: 4/4
   287 | D:1      | Reached XP level 2. HP: 15/16 MP: 1/6
   405 | D:1      | Found Oram's Armour Boutique.
   683 | D:1      | Found a faded altar of an unknown god.
   795 | D:2      | Learned a level 2 spell: Scorch
   911 | D:2      | Reached XP level 3. HP: 20/20 MP: 4/7
   916 | D:2      | Reached skill level 1 in Armour
   929 | D:2      | Reached skill level 1 in Fighting
  1247 | D:2      | Found a hazy altar of Hepliaklqana.
  1753 | D:2      | Found a runed translucent door.
  1754 | D:2      | Noticed Crazy Yiuf
  1767 | D:2      | Learned a level 3 spell: Conjure Flame
  2010 | D:3      | Mangled by Crazy Yiuf

Illustrated notes

Levels and vault maps discovered:
D:1:      lemuel_arrival_hallway, layout_rooms,
          dilly_ecumenical_altar_fadedgnrine, serial_shops,
          nicolae_shop_hallway_stairs, chequers_mini_garden
D:2:      layout_rooms, basic_altar, grunt_decor_arrowhead,
          minmay_indecisive_spiral, uniq_crazy_yiuf_cottage
D:3:      layout_basic, minmay_misc_feat_enclosed

Skill      XL: |  1  2  3 |
---------------+----------+-----
Conjurations   | 2 |  2.3
Armour         | 1 |  1.3
Fighting       | 1 |  1.2
Dodging        | |  2.5
Stealth        | |  2.0
Spellcasting   | |  2.3
Fire Magic     | |  3.6

Action                   || total
-------------------------++-------
Melee: Spear             ||    35
       Kick              ||     8
       Peck              ||     4
       Mace              ||     3
 Cast: Foxfire           ||    64
       Scorch            ||     2
       Conjure Flame     ||     1
  Use: Scroll            ||     3
Armor: Robe              ||     3
Dodge: Dodged            ||    24

Table legend: (Time is in decaauts)
 A = Elapsed time spent in this place.
 B = Non-inter-level travel time spent in this place.
 C = Inter-level travel time spent in this place.
 D = Time resting spent in this place.
 E = Time spent auto-exploring this place.
 F = Levels seen in this place.
 G = Mean time per level.
                   A        B        C        D        E       F      G
               +--------+--------+--------+--------+--------+-----+--------+
         Total |   2014 |   1932 |     82 |      2 |   1574 |   3 |  671.3 |
       Dungeon |   2014 |   1932 |     82 |      2 |   1574 |   3 |  671.3 |
               +--------+--------+--------+--------+--------+-----+--------+

Top non-repeatable levels by time:
     D:2: 1212 daAuts
     D:1: 746 daAuts
     D:3: 56 daAuts
